 Dungeon Crawl Stone Soup version 0.24-a0-335-g06ca16a (webtiles) character file.

Game seed: 10064929917542672047

207 Borgoz the Slasher (level 5, -5/32 HPs)
             Began as a Gargoyle Gladiator on May 18, 2019.
             Splashed by Ijyb's acid (9 damage)
             ... on level 3 of the Dungeon.
             The game lasted 00:03:12 (1991 turns).

Borgoz the Slasher (Gargoyle Gladiator)             Turns: 1991, Time: 00:03:12

Health: -5/32      AC:  4    Str: 17    XL:     5   Next: 85%
Magic:  5/5        EV: 13    Int:  9    God:
Gold:   144        SH:  0    Dex: 12    Spells: 4/4 levels left

rFire    . . .     SeeInvis .   a - +0 long sword
rCold    . . .     Gourm    .   (no shield)
rNeg     + . .     Faith    .   b - +0 leather armour
rPois    ∞         Spirit   .   c - +0 helmet
rElec    +         Reflect  .   (no cloak)
rCorr    .         Harm     .   (no gloves)
MR       .....                  (no boots)
Stlth    +.........             (no amulet)
HPRegen  0.10/turn              (no ring)
MPRegen  0.09/turn              (no ring)

@: corroded
A: negative energy resistance 1, electricity resistance, unbreathing,
petrification resistance, rot immunity, AC +4
a: no special abilities


You were on level 3 of the Dungeon.
You were hungry.

You visited 1 branch of the dungeon, and saw 3 of its levels.

You collected 144 gold pieces.

Inventory:

Hand Weapons
 a - a +0 long sword (weapon)
Missiles
 d - 2 throwing nets (quivered)
Armour
 b - a +0 leather armour (worn)
 c - a +0 helmet (worn)
Jewellery
 n - a +3 ring of dexterity {unknown}
Wands
 l - a wand of acid (5)
Scrolls
 g - a scroll of identify {unknown}
 h - a scroll of teleportation {unknown}
 i - 2 scrolls of enchant armour {unknown}
 j - a scroll of fear {unknown}
 p - a scroll of remove curse {unknown}
 q - a scroll of amnesia {unknown}
 r - a scroll of blinking {unknown}
Potions
 e - a potion of curing
 k - a potion of agility {unknown}
 m - 2 potions of flight {unknown}
 o - a potion of degeneration {unknown}
Comestibles
 f - 6 rations


   Skills:
 + Level 3.3 Fighting
 * Level 4.0 Long Blades
 - Level 1.7 Throwing
 + Level 2.0 Armour
 * Level 3.5 Dodging


You had 4 spell levels left.
You didn't know any spells.
Your spell library was empty.

Dungeon Overview and Level Annotations

Branches:
Dungeon (3/15)

Altars:

Annotations:
D:3 Ijyb


Innate Abilities, Weirdness & Mutations

You are resistant to torment.
Your stone body is resilient. (AC +4)
You are immune to poison.
You resist negative energy. (rN+)
You are resistant to electric shocks. (rElec)
You can survive without breathing.
You are immune to petrification.
You are immune to rotting.


Message History

Ijyb is nearby!
You are too injured to fight recklessly!
You are too injured to fight recklessly!
You are too injured to fight recklessly!
You are too injured to fight recklessly!
You feel better. Ijyb hits you but does no damage.
Okay, then.
Throwing (i - inventory)
d - 3 throwing nets (quivered)
Press: ? - help, Shift-Dir - straight line, f - Ijyb
Aim: Ijyb, wielding a +0 dagger, wearing a +0 leather armour and carrying a wand of acid (5)
You throw a throwing net. The throwing net hits Ijyb.
Ijyb is caught in the net!
Ijyb struggles against the net.
You strike the helpless Ijyb from behind!
You slash Ijyb!
Ijyb is moderately wounded.
Ijyb zaps a wand.
The bolt of acid hits you!
Ouch! That really hurt!
* * * LOW HITPOINT WARNING * * *
The acid corrodes you!
You are splashed with acid!
You die...

................... #.....
..........##..#....# #..#.#
##...####....(..#. #..... #.....#
####..### ##.#.. #.....# .. #.###
#.....## .. #.... .......# #
########## .##.##.# #.#####
#.......## . #.##.##### #.g@..#
#.#...#.##
#........#######.#####.......##
.......###.......#..........>....
.......###.#####.#######.......##
###........#### # #.#...#.#
#.##...†....# .# #..<....# #.
#####.##.##.# ######### #.
#.......# #.......#


You could see Ijyb (caught).

Vanquished Creatures
  A hound (D:2)
  Terence (D:2)
  Jessica (D:2)
  4 gnolls (D:2)
  2 adders
  3 worms (D:2)
  2 dart slugs (D:1)
  A leopard gecko (D:3)
  4 bats
  2 giant cockroaches
  4 goblins
  11 hobgoblins
  7 jackals
  3 quokkas (D:2)
  4 frilled lizards
  3 kobolds
  4 rats
57 creatures vanquished.

Notes
Turn   | Place    | Note
-------+----------+-------------------------------------------
     0 | D:1      | Borgoz the Gargoyle Gladiator began the quest for the Orb.
     0 | D:1      | Reached XP level 1. HP: 12/12 MP: 1/1
    61 | D:1      | Reached XP level 2. HP: 15/18 MP: 2/2
    97 | D:1      | Reached skill level 3 in Long Blades
   208 | D:1      | Reached XP level 3. HP: 22/22 MP: 3/3
   209 | D:1      | Reached skill level 1 in Armour
   733 | D:2      | Noticed Terence
   745 | D:2      | Killed Terence
   745 | D:2      | Reached XP level 4. HP: 22/27 MP: 4/4
  1244 | D:2      | Noticed Jessica
  1261 | D:2      | Killed Jessica
  1261 | D:2      | Reached XP level 5. HP: 20/32 MP: 5/5
  1824 | D:3      | Reached skill level 4 in Long Blades
  1986 | D:3      | Noticed Ijyb
  1991 | D:3      | Splashed by Ijyb's acid

Levels and vault maps discovered:
D:1:      mainiacjoe_arrival_reflecting_pool, layout_loops_ring,
          minmay_tetromino_i4
D:2:      layout_basic, uniq_jessica, uniq_terence
D:3:      layout_loops_cross, uniq_ijyb

Skill      XL: |  1  2  3  4  5 |
---------------+----------------+-----
Long Blades    | 3 4 |  4.0
Armour         | 1 2 |  2.0
Dodging        | 3 |  3.5
Fighting       | 3 |  3.3
Throwing       | |  1.7

Action                   |  1- 3 |  4- 6 || total
-------------------------+-------+-------++-------
Melee: Long sword        |    89 |    97 ||   186
Throw: Throwing net      |       |     1 ||     1
  Use: Potion            |       |     1 ||     1
 Stab: Held in net/web   |       |     1 ||     1
  Eat: Chunk             |       |     3 ||     3
Armor: Leather armour    |    55 |    34 ||    89
Dodge: Dodged            |    93 |    66 ||   159
       Rpst.: Long sword |    31 |    31 ||    62

Table legend:
 A = Non-vault XP
 B = Vault XP
 C = Vault XP percentage of total XP
 D = Non-vault monster count
 E = Vault monster count
 F = Vault count percentage of total count
                 A         B        C        D         E       F
            +---------+---------+-------+---------+---------+-------
      Total |     217 |      80 |  26.9 |      52 |       5 |   8.8
            +---------+---------+-------+---------+---------+-------
        D:1 |      44 |       5 |  10.2 |      23 |       3 |  11.5
        D:2 |     149 |      75 |  33.5 |      23 |       2 |   8.0
        D:3 |      24 |       0 |   0.0 |       6 |       0 |   0.0
            +---------+---------+-------+---------+---------+-------
